 Dungeon Crawl Stone Soup version 0.29-b1-12-g9e2288ab2a (webtiles) character file.

Game seed: 16665348623543777539

77 LynnLen the Vexing (level 4, 0/26 HPs)
             Began as a Vampire Enchanter on Aug 24, 2022.
             Slain by Natasha (4 damage)
             ... on level 2 of the Dungeon.
             The game lasted 00:07:29 (2534 turns).

LynnLen the Vexing (Vampire Enchanter)              Turns: 2534, Time: 00:07:30

Health: 0/26       AC:  2    Str:  7    XL:     4   Next: 13%
Magic:  3/7        EV: 12    Int: 19    God:
Gold:   80         SH:  3    Dex: 14    Spells: 2/7 levels left

rFire   . . .      SeeInvis +   a - +1 dagger
rCold   + + .      Faith    .   l - +0 buckler
rNeg    + + +      Spirit   .   b - +0 robe
rPois   ∞          Reflect  .   (no helmet)
rElec   .          Harm     .   (no cloak)
rCorr   .          Rampage  .   (no gloves)
Will    .....                   (no boots)
Stlth   +++++.....              (no amulet)
HPRegen 0.00/turn               (no ring)
MPRegen 0.10/turn               (no ring)

@: bloodless, inhibited regen, slowed, invisible (expiring), very slow
A: bloodless, fangs 3, see invisible, vampiric 2
a: Bat Form, Revivify


You were on level 2 of the Dungeon.
You visited 1 branch of the dungeon, and saw 2 of its levels.

You collected 80 gold pieces.

Inventory:

Hand Weapons
 a - a +1 dagger (weapon)
Armour
 b - a +0 robe (worn)
 l - a +0 buckler (worn)
Scrolls
 e - 3 scrolls of teleportation {unknown}
 i - a scroll of noise {unknown}
 j - a scroll of brand weapon {unknown}
 k - a scroll of summoning
Potions
 c - a potion of invisibility
 d - a potion of mutation {unknown}
 f - 2 potions of curing {unknown}
 g - a potion of cancellation {unknown}
 h - a potion of berserk rage {unknown}


   Skills:
 + Level 2.3 Fighting
 - Level 1.1 Short Blades
 - Level 2.1 Dodging
 - Level 4.4 Stealth
 - Level 2.0 Spellcasting
 + Level 6.0 Hexes


You had 2 spell levels left.
You knew the following spells:

 Your Spells              Type           Power      Damage    Failure   Level
a - Ensorcelled Hibernat  Hex/Ice        26%        N/A       10%         2
b - Confusing Touch       Hex            24%        N/A       6%          3

Your spell library contained the following spells:

 Spells                   Type           Power      Damage    Failure   Level
 Sandblast                Erth           2%         2d4       22%         1
 Passwall                 Tmut/Erth      0%         N/A       34%         2
 Tukima's Dance           Hex            24%        N/A       6%          3
 Dazzling Flash           Conj/Hex       26%        N/A       21%         3
 Stone Arrow              Conj/Erth      2%         3d7       56%         3


Dungeon Overview and Level Annotations

Branches:
Dungeon (2/15)

Altars:

Annotations:
D:2 Natasha


Innate Abilities, Weirdness & Mutations

You do not regenerate when monsters are visible.
You are frail without blood (-20% HP).
You can heal yourself when you bite living creatures.
You are immune to poison.
You have razor-sharp teeth.
You have supernaturally acute eyesight. (SInv)
You are afflicted with vampirism and can become a bat while bloodless.


Message History

Natasha hisses angrily.
Natasha stares at you and mumbles some strange words.
The magic dart hits you!
No other quiver actions available for cycling.
No other quiver actions available for cycling.
You fade into invisibility!
Natasha mumbles some strange words.
You feel troubled. Natasha casts a spell at you.
You feel yourself slow down. Natasha barely misses you.
You hit Natasha.
Natasha is moderately wounded.
Natasha casts a spell.
Natasha completely misses you.
The crimson imp shouts!
You miss Natasha.
Natasha is moderately wounded.
The crimson imp hits you. Natasha claws you.
You hit Natasha.
Natasha is heavily wounded.
The crimson imp misses you. Natasha claws you.
The crimson imp barely misses you. Natasha claws you.
Aiming: Ensorcelled Hibernation (safe; 10% risk of failure)
Press: ? - help, Q - select action Shift-Dir - straight line, f - Natasha
Aim: Natasha (heavily wounded, chance to affect: 47%) Natasha resists with some effort.
The crimson imp barely misses you. Natasha claws you.
Aiming: Ensorcelled Hibernation (safe; 10% risk of failure)
Press: ? - help, Q - select action Shift-Dir - straight line, f/p - Natasha
Aim: Natasha (heavily wounded, chance to affect: 47%) Natasha resists with some effort.
You flicker for a moment.
The crimson imp misses you.
Natasha mumbles some strange words.
You feel troubled. Natasha claws you.
* * * LOW HITPOINT WARNING * * *
The crimson imp misses you. Natasha claws you.
You die...

#...# #####.# #.....
#...#####.....# #.....
#.............# #.....
####..........# #.....
#..........# #.....
#..........# ######
###..........#########
#.......5............#
#......h@............# #
#....................# #
#....................# #
########.##..........####
#.##..............
#.##..........####
#.##..........# #
#.##..........# #
#.#####.....### #


You could see Natasha and a crimson imp (summoned, unable to see you).

Vanquished Creatures
  Natasha (D:2)
  A gnoll (D:1)
  2 dart slugs (D:2)
  4 endoplasms (D:2)
  2 giant cockroaches
  5 goblins
  2 hobgoblins (D:1)
  3 jackals (D:1)
  2 quokkas
  5 ball pythons
  3 bats (D:1)
  A frilled lizard (D:1)
  A kobold (D:2)
  3 rats
35 creatures vanquished.

Vanquished Creatures (collateral kills)
  A goblin (D:1)
1 creature vanquished.

Vanquished Creatures (others)
  10 fungi (D:1)
  4 plants (D:1)
14 creatures vanquished.

Grand Total: 50 creatures vanquished

Notes
Turn   | Place    | Note
-------+----------+-------------------------------------------
     0 | D:1      | LynnLen the Vampire Enchanter began the quest for the Orb.
     0 | D:1      | Reached XP level 1. HP: 13/13 MP: 3/3
   318 | D:2      | Found a faded altar of an unknown god.
   379 | D:1      | Reached skill level 1 in Fighting
   379 | D:1      | Reached XP level 2. HP: 16/16 MP: 5/5
   382 | D:1      | Learned a level 2 spell: Ensorcelled Hibernation
   533 | D:1      | Reached skill level 5 in Hexes
  1013 | D:1      | Gained mutation: You are afflicted with vampirism and can
                  | become a bat while bloodless. [Vampire growth]
  1013 | D:1      | Reached XP level 3. HP: 19/20 MP: 1/6
  1020 | D:1      | Learned a level 3 spell: Confusing Touch
  1865 | D:2      | Noticed Natasha
  2026 | D:2      | Identified the +5 ring mail of Jarghicau {Will++ Str-5
                  | Dex+4}
  2327 | D:2      | Killed Natasha
  2328 | D:2      | Reached skill level 6 in Hexes
  2328 | D:2      | Reached XP level 4. HP: 11/26 MP: 0/7
  2525 | D:2      | Noticed Natasha
  2534 | D:2      | Slain by Natasha

Illustrated notes

Levels and vault maps discovered:
D:1:      dpeg_arrival_water_fire, layout_basic, nicolae_figureground_pulse
D:2:      layout_basic, hellmonk_ecumenical_altar_crossroads, minmay_between,
          uniq_natasha

Skill      XL: |  1  2  3 |
---------------+----------+-----
Fighting       | 1 2 |  2.3
Hexes          | 5 6 |  6.0
Short Blades   | |  1.1
Dodging        | |  2.1
Stealth        | |  4.4
Spellcasting   | |  2.0

Action                   |  1- 3 |  4- 6 || total
-------------------------+-------+-------++-------
Melee: Dagger            |   108 |     3 ||   111
       Bite              |    11 |       ||    11
 Cast: Ensorcelled Hiber |     7 |     2 ||     9
 Abil: Exsanguinate      |     1 |       ||     1
  Use: Scroll            |     1 |       ||     1
       Potion            |       |     1 ||     1
 Stab: Sleeping          |    16 |       ||    16
Armor: Robe              |    25 |       ||    25
Dodge: Dodged            |    63 |     7 ||    70
Block: Buckler           |     7 |       ||     7
